 Dungeon Crawl Stone Soup version 0.30.0-19-g36f170ea60 (webtiles) character file.

Game seed: 15287848545496331200

335 mattengel8991 the Conjurer (level 6, -5/50 HPs)
             Began as a Draconian Conjurer on May 28, 2023.
             Slain by Duvessa
             ... wielding a +0 short sword
              (6 damage)
             ... on level 4 of the Dungeon.
             The game lasted 00:09:22 (4753 turns).

mattengel8991 the Conjurer (Draconian Conjurer)     Turns: 4753, Time: 00:09:22

Health: -5/50      AC:  6    Str: 10    XL:     6   Next: 28%
Magic:  5/11       EV: 12    Int: 20    God:
Gold:   296        SH:  0    Dex:  9    Spells: 8/11 levels left

rFire   . . .        i - staff of conjuration
rCold   . . .        (no shield)
rNeg    . . .        (body armour unavailable)
rPois   .            (helmet restricted)
rElec   .            (no cloak)
rCorr   .            (no gloves)
SInv    .            (no boots)
Will    .....        f - amulet of the acrobat
Stlth   ++           (no ring)
HPRegen 0.28/turn    (no ring)
MPRegen 0.12/turn

%: acrobat
@: very slightly contaminated
A: AC +6, unfitting armour, cold-blooded
a: no special abilities


You were on level 4 of the Dungeon.
You visited 1 branch of the dungeon, and saw 4 of its levels.

You collected 296 gold pieces.

Inventory:

Armour
 e - a +2 hat of intelligence
 g - a +0 kite shield
 l - a scarf of shadows
Magical Staves
 i - a staff of conjuration (weapon)
Jewellery
 f - an amulet of the acrobat (around neck)
 m - an amulet of faith
Scrolls
 c - a scroll of enchant armour
 h - a scroll of fog
 q - a scroll of blinking
 s - a scroll of enchant weapon
 t - a scroll of vulnerability {unknown}
 u - a scroll of identify
Potions
 a - a potion of magic
 b - 2 potions of heal wounds {unknown}
 d - a potion of curing
 j - a potion of might {unknown}
 k - a potion of lignification {unknown}
 n - a potion of cancellation {unknown}
 o - a potion of mutation {unknown}
 p - 2 potions of flight {unknown}
 r - a potion of invisibility {unknown}


   Skills:
 * Level 2.5 Fighting
 + Level 0.3 Staves
 + Level 2.0 Dodging
 + Level 2.4 Stealth
 + Level 3.3 Spellcasting
 + Level 5.6 Conjurations
 * Level 1.5 Hexes


You had 8 spell levels left.
You knew the following spells:

 Your Spells              Type           Power      Damage    Failure   Level
a - Magic Dart            Conj           100%       1d8       1%          1
b - Searing Ray           Conj           76%        2d7       1%          2

Your spell library contained the following spells:

 Spells                   Type           Power      Damage    Failure   Level
 Dazzling Flash           Conj/Hex       52%        N/A       10%         3
 Ensorcelled Hibernation  Hex/Ice        12%        N/A       16%         2
 Fulminant Prism          Conj/Hex       13%        3d8       30%         4
 Iskenderun's Mystic Bla  Conj/Tloc      21%        2d6       41%         4
 Olgreb's Toxic Radiance  Pois           3%         N/A       80%         4
 Discord                  Hex            4%         N/A       100%        8
 Ignition                 Fire           1%         3d3       100%        8


Dungeon Overview and Level Annotations

Branches:
Dungeon (4/15)
 Temple: D:4-7

Altars:
Ru

Annotations:
D:4 Duvessa


Innate Abilities, Weirdness & Mutations

Your plain brown scales are hard. (AC +6)
You cannot fit into any form of body armour.
You are cold-blooded and may be slowed by cold attacks.


Message History

Duvessa hits you with a +0 short sword. Duvessa hits you but does no damage.
Unknown command.
The searing ray misses Duvessa.
Duvessa completely misses you. Magic courses through your body.
Duvessa barely misses you. Duvessa hits you but does no damage.
Casting: Searing Ray (safe; 1% risk of failure)
Confirm with . or Enter, or press ? or * to list all spells.
Aiming: Searing Ray (safe; 1% risk of failure)
Press: ? - help, Shift-Dir - straight line You feel a surge of power!
The searing ray hits Duvessa!
Duvessa is severely wounded. (Press . to maintain the ray.) Duvessa hits you but does no damage.
Unknown command.
The searing ray hits Duvessa!
Duvessa is severely wounded.
Duvessa hits you with a +0 short sword.
* * * LOW HITPOINT WARNING * * *
Duvessa misses you.
The searing ray hits Duvessa.
Duvessa is severely wounded.
Duvessa closely misses you.
The searing ray hits Duvessa but does no damage.
Duvessa is severely wounded.
You finish channelling your searing ray.
Duvessa hits you with a +0 short sword!
* * * LOW HITPOINT WARNING * * *
Duvessa completely misses you.
You feel better. Duvessa hits you but does no damage.
Casting: Searing Ray (safe; 1% risk of failure)
Confirm with . or Enter, or press ? or * to list all spells.
Aiming: Searing Ray (safe; 1% risk of failure)
Press: ? - help, Shift-Dir - straight line You feel a surge of power!
The searing ray hits Duvessa!
Duvessa is almost dead. (Press . to maintain the ray.) Duvessa hits you with a +0 short sword!
* * * LOW HITPOINT WARNING * * *
Duvessa hits you with a +0 short sword.
You die...

..# #.##.# #.##.#
#....# #.##.# #.##.#
#.##.# #.##.# #.##.#
#.##.# ###'##.#
#.##.## #......#
#.##...
#......#######......
#..@...##...##......
###e##.##...##......
#.##.#<...........
....†##.##...##.#####
......##.#######......
......#..# #######
......#.##
......#.##############
.....#................


You could see Duvessa (berserk).

Vanquished Creatures
  A black bear (D:4)
  Dowan (D:4)
  A jelly (D:4)
  Jessica (D:2)
  3 adders
  3 gnolls (D:4)
  2 dart slugs (D:1)
  An orc (D:3)
  3 ball pythons
  3 bats
  7 endoplasms
  4 giant cockroaches
  11 goblins
  4 hobgoblins
  9 jackals
  A quokka (D:2)
  8 frilled lizards
  8 kobolds
  5 rats
76 creatures vanquished.

Notes
Turn   | Place    | Note
-------+----------+-------------------------------------------
     0 | D:1      | mattengel8991 the Draconian Conjurer began the quest for
                  | the Orb.
     0 | D:1      | Reached XP level 1. HP: 14/14 MP: 3/3
   246 | D:1      | Reached XP level 2. HP: 20/20 MP: 3/5
   253 | D:1      | Learned a level 2 spell: Searing Ray
  1704 | D:2      | Reached XP level 3. HP: 27/27 MP: 3/6
  1765 | D:2      | Reached skill level 1 in Fighting
  2285 | D:2      | Noticed Jessica
  2287 | D:2      | Killed Jessica
  2288 | D:2      | Reached XP level 4. HP: 35/35 MP: 3/7
  2298 | D:2      | Got Jessica's Volume of Bewitchment
  2313 | D:2      | Reached skill level 5 in Conjurations
  3200 | D:3      | Found a sacrificial altar of Ru.
  3284 | D:3      | Noticed an ogre
  3451 | D:4      | Noticed Duvessa
  3451 | D:4      | Noticed Dowan
  3729 | D:4      | Noticed a black bear
  3752 | D:4      | Killed a black bear
  3753 | D:4      | Reached skill level 1 in Hexes
  3753 | D:4      | Reached XP level 5. HP: 40/41 MP: 0/9
  3915 | D:4      | Killed Dowan
  4205 | D:4      | Reached XP level 6. HP: 48/48 MP: 5/10
  4751 | D:4      | HP: 2/50 [Duvessa/+0 short sword (13)]
  4753 | D:4      | Slain by Duvessa

Illustrated notes

Levels and vault maps discovered:
D:1:      kennysheep_arrival_seaside, layout_basic,
          amcnicky_mini_corridor_feature, minmay_three_crescents
D:2:      minmay_angry_zag, layout_basic, serial_corexii_hall,
          chequers_hall_statues_wall_a, chequers_hall_statues_corner_a,
          kennysheep_jessica_study
D:3:      layout_rooms, mainiacjoe_overflow_surrounded_room,
          minmay_ogre_servants
D:4:      layout_basic, uniq_duvessa

Skill      XL: |  1  2  3  4 |
---------------+-------------+-----
Fighting       | 1 2 |  2.5
Stealth        | 2 |  2.4
Conjurations   | 5 |  5.6
Dodging        | 2 |  2.0
Spellcasting   | 3 |  3.3
Hexes          | 1 |  1.5
Staves         | |  0.3

Action                     |  1- 3 |  4- 6 || total
---------------------------+-------+-------++-------
  Melee: Unarmed           |     4 |       ||     4
         Club              |     1 |       ||     1
         Tailslap          |     1 |       ||     1
         Staff             |       |     4 ||     4
   Cast: Magic Dart        |    56 |    76 ||   132
         Searing Ray       |     2 |    14 ||    16
    Use: Scroll            |     3 |     6 ||     9
         Potion            |       |     3 ||     3
 Armour: Skin              |     2 |     8 ||    10
  Dodge: Dodged            |     5 |    53 ||    58
